 Dungeon Crawl Stone Soup version 0.22-a0-266-g5fdf0d7 (webtiles) character file.

305 Ijustatesigmund the Cudgeler (level 6, -10/40 HPs)
             Began as a Gargoyle Fighter on Mar 8, 2018.
             Killed by divine providence
             ... invoked by an orc priest
              (13 damage)
             ... on level 4 of the Dungeon.
             The game lasted 00:05:37 (1993 turns).

Ijustatesigmund the Cudgeler (Gargoyle Fighter)     Turns: 1993, Time: 00:05:38

Health: -10/40     AC: 11    Str: 19 (20) XL:     6   Next: 39%
Magic:  6/6        EV:  7    Int:  6 (8)  God:
Gold:   93         SH:  0    Dex:  9 (11) Spells: 5/5 levels left

rFire    + . .     SeeInvis +   a - +1 morningstar (protect)
rCold    . . .     Gourm    .   c - +0 shield
rNeg     + . .     Faith    .   b - +0 scale mail {rF+}
rPois    ∞         Spirit   .   (no helmet)
rElec    +         Reflect  .   (no cloak)
rCorr    .         Harm     .   (no gloves)
MR       .....                  (no boots)
Stlth    ..........             (no amulet)
HPRegen  0.13/turn              (no ring)
MPRegen  0.10/turn              (no ring)

@: confused
A: see invisible, negative energy resistance 1, electricity resistance,
unbreathing, petrification resistance, rot immunity, AC +4
a: no special abilities


You were on level 4 of the Dungeon.
You were not hungry.

You visited 1 branch of the dungeon, and saw 4 of its levels.

You collected 93 gold pieces.

Inventory:

Hand Weapons
 a - a +1 morningstar of protection (weapon)
Armour
 b - a +0 scale mail of fire resistance (worn)
 c - a +0 shield (worn)
Wands
 d - a wand of polymorph (9)
Scrolls
 e - a scroll of magic mapping
 k - 2 scrolls of remove curse
Potions
 i - a potion of flight
Comestibles
 f - 3 rations


   Skills:
 + Level 5.1 Fighting
 * Level 5.5 Maces & Flails
 - Level 3.2 Armour
 - Level 3.2 Shields


You had 5 spell levels left.
You didn't know any spells.

Dungeon Overview and Level Annotations

Branches:
Dungeon (4/15)
 Temple: D:4-7

Altars:
Beogh


Innate Abilities, Weirdness & Mutations

You are resistant to torment.
Your stone body is resilient. (AC +4)
You are immune to poison.
You resist negative energy. (rN+)
You are resistant to electric shocks. (rElec)
You can survive without breathing.
You are immune to petrification.
You are immune to rotting.
You have supernaturally acute eyesight. (SInv)


Message History

The orc wizard is lightly wounded.
The orc wizard hits you but does no damage.
You closely miss the orc wizard.
The orc wizard is lightly wounded.
You block the orc wizard's attack.
The orc priest calls down the wrath of Beogh upon you.
Beogh smites you!
* * * LOW HITPOINT WARNING * * *
The orc wizard hits you with a dagger.
* * * LOW HITPOINT WARNING * * *
The orc wizard points at you and mumbles some strange words.
You are confused.
Okay, then.
You're too confused!
Unknown command.
You bump into the rock wall.
The orc wizard hits you but does no damage.
The orc priest calls down the wrath of Beogh upon you.
Beogh smites you!
You die...

#.####...#.###..)..##$.$##
#...##....<##...####.8.8.#
###.##..####.###.#.'...$_#
# #.##..###.## ##..#.8.8.#
# #.##......# #.o# $..## #
#.###.##..## ##o## ###
###.###.##.#.###.##
...........##..o#####.#
##############.o@.....#
##########


You could see an orc priest and an orc wizard.

Vanquished Creatures
  An ogre (D:4)
  A hound (D:4)
  2 orc wizards
  An orc priest (D:3)
  Terence (D:3)
  An adder (D:2)
  A worm (D:3)
  2 dart slugs
  2 leopard geckos (D:3)
  11 orcs (D:3)
  4 goblins (D:3)
  5 hobgoblins
  3 jackals (D:3)
  5 kobolds
  A quokka (D:3)
  A ball python (D:2)
  4 bats
  2 frilled lizards (D:1)
  5 rats
53 creatures vanquished.

Notes
Turn   | Place    | Note
-------+----------+-------------------------------------------
     0 | D:1      | Ijustatesigmund the Gargoyle Fighter began the quest for the Orb.
     0 | D:1      | Reached XP level 1. HP: 14/14 MP: 1/1
   441 | D:1      | Reached XP level 2. HP: 19/19 MP: 2/2
   912 | D:2      | You fall through a shaft!
   925 | D:3      | Reached XP level 3. HP: 22/24 MP: 3/3
  1256 | D:3      | Noticed Terence
  1265 | D:3      | Reached XP level 4. HP: 29/29 MP: 4/4
  1269 | D:3      | Killed Terence
  1279 | D:3      | Reached XP level 5. HP: 17/34 MP: 5/5
  1741 | D:4      | Noticed an ogre
  1745 | D:4      | Killed an ogre
  1745 | D:4      | Reached skill level 5 in Maces & Flails
  1745 | D:4      | Reached XP level 6. HP: 19/40 MP: 6/6
  1941 | D:4      | Reached skill level 5 in Fighting
  1959 | D:4      | Found a roughly hewn altar of Beogh.
  1973 | D:4      | Gained mutation: Your large and strong wings let you fly indefinitely. [potion of mutation]
  1973 | D:4      | Lost mutation: Your large and strong wings let you fly indefinitely. [potion of mutation]
  1973 | D:4      | Gained mutation: You have supernaturally acute eyesight. (SInv) [potion of mutation]
  1988 | D:4      | HP: 2/40 [orc wizard/dagger (2)]
  1993 | D:4      | Killed from afar by an orc priest

Vault maps used:
D:1:      saegor_arrival_simple_f
D:2:      uniq_sigmund
D:3:      uniq_terence
D:4:      minmay_temple_entry_trees, first_ration, kennysheep_orc_chapel

Skill      XL: |  1  2  3  4  5  6 |
---------------+-------------------+-----
Maces & Flails | 3 4 5 |  5.5
Fighting       | 4 5 |  5.1
Armour         | |  3.2
Shields        | |  3.2

Action                   |  1- 3 |  4- 6 || total
-------------------------+-------+-------++-------
Melee: Flail             |   145 |    23 ||   168
       Morningstar       |       |    27 ||    27
  Use: Scroll            |     3 |     1 ||     4
       Potion            |     2 |     3 ||     5
  Eat: Chunk             |     1 |     3 ||     4
Armor: Scale mail        |    63 |    14 ||    77
       Chain mail        |    50 |     9 ||    59
       Skin              |     1 |   110 ||   111
Dodge: Dodged            |    62 |    25 ||    87
Block: Shield            |   106 |    58 ||   164

Table legend:
 A = Spawn XP
 B = Non-spawn XP
 C = Spawn XP percentage of total XP
 D = Spawn monster count
 E = Non-spawn monster count
 F = Spawn count percentage of total count
 G = Total turns spent on level
                    A         B        C        D         E        F      G
               +---------+---------+-------+---------+---------+-------+---------
         Total |       0 |     436 |   0.0 |       0 |      53 |   0.0 |  1993
               +---------+---------+-------+---------+---------+-------+---------
           D:1 |       0 |      13 |   0.0 |       0 |       9 |   0.0 |   876
           D:2 |       0 |      19 |   0.0 |       0 |       4 |   0.0 |    36
           D:3 |       0 |     198 |   0.0 |       0 |      37 |   0.0 |   810
           D:4 |       0 |     206 |   0.0 |       0 |       3 |   0.0 |   271
               +---------+---------+-------+---------+---------+-------+---------
